 Dungeon Sprint DCSS version 0.27-a0-1139-g28e009f8a6 (webtiles) character file.

Game seed: 5946459988132290765

5019 Zeld the Arsonist (level 10, -1/74 HPs)
             Began as an Octopode Fire Elementalist on May 7, 2021.
             Was a High Priest of Sif Muna.
             Killed from afar by a ynoxinul (31 damage)
             ... with an iron shot
             ... in the Dungeon (Sprint V: "Ziggurat Sprint").
             The game lasted 00:05:36 (2655 turns).

Zeld the Arsonist (Octopode Fire Elementalist)      Turns: 2655, Time: 00:05:36

Health: -1/74      AC:  5    Str: 20    XL:     10   Next: 55%
Magic:  6/23       EV: 17    Int: 38    God:    Sif Muna [*****.]
Gold:   0          SH:  0    Dex: 12    Spells: 10/28 levels left

rFire    + . .     SeeInvis .   j - staff of fire
rCold    + . .     Faith    .   (no shield)
rNeg     . . .     Spirit   .   (helmet restricted)
rPois    .         Reflect  .   C - amulet of the acrobat
rElec    .         Harm     .   x - +6 ring of intelligence
rCorr    .         Rampage  .   w - +6 ring of intelligence
Will     .....     NoTele   +   (no ring)
Stlth    +++.......             (no ring)
HPRegen  0.00/turn              y - +6 ring of strength
MPRegen  0.18/turn              z - +6 ring of strength
                                t - ring of Antuwic {AC+4 Int+5}
                                D - ring of protection from cold

@: no status effects
A: almost no armour, amphibious, 8 rings, camouflage 1, gelatinous body 1,
(nimble swimmer 1), tentacles, [inhibited regeneration]
a: Renounce Religion, Channel Magic, Forget Spell, Divine Exegesis


You were in the Dungeon.
You worshipped Sif Muna.
Sif Muna was extremely pleased with you.
You visited 1 branch

Inventory:

Magical Staves
 j - a staff of fire (weapon)
Jewellery
 t - the ring of Antuwic (on tentacle) {AC+4 Int+5}
   (You found it in the Dungeon)

   [ring of protection]

   It affects your AC (+4).
   It affects your intelligence (+5).
 w - a +6 ring of intelligence (right tentacle)
 x - a +6 ring of intelligence (left tentacle)
 y - a +6 ring of strength (on tentacle)
 z - a +6 ring of strength (on tentacle)
 C - an amulet of the acrobat (around mantle)
 D - a ring of protection from cold (on tentacle)
Wands
 q - a wand of mindburst (7)
 r - a wand of iceblast (1)
 s - a wand of acid (7)
Scrolls
 l - 4 scrolls of amnesia
 m - 7 scrolls of fog
 n - a scroll of holy word
 o - 5 scrolls of identify
 p - a scroll of fear
Potions
 a - 2 potions of brilliance
 b - 10 potions of curing
 c - 8 potions of heal wounds
 d - 6 potions of haste
 e - 7 potions of magic
 f - 3 potions of berserk rage
 h - 2 potions of invisibility
 i - 4 potions of resistance
 k - 5 potions of might
Miscellaneous
 g - a tin of tremorstones (2/2)
 A - a lightning rod (4/4)
 B - a condenser vane
 E - a lightning rod (4/4)
 F - a lightning rod (4/4)


   Skills:
 + Level 9.6 Fighting
 + Level 10.0 Dodging
 - Level 2.6 Stealth
 + Level 9.9 Spellcasting
 + Level 10.3 Conjurations
 * Level 14.5 Fire Magic


You had 10 spell levels left.
You knew the following spells:

 Your Spells              Type           Power      Damage    Failure   Level
a - Foxfire               Conj/Fire      100%       2x1d9     0%          1
b - Conjure Flame         Conj/Fire      100%       6-21      1%          3
c - Sticky Flame          Conj/Fire      100%       2d11      1%          4
d - Fireball              Conj/Fire      53%        3d21      1%          5
e - Bolt of Magma         Conj/Fire/Erth 44%        4d18      1%          5

Your spell library contained the following spells:

 Spells                   Type           Power      Damage    Failure   Level
 Magic Dart               Conj           100%       1d8       1%          1
 Searing Ray              Conj           100%       3d7       1%          2
 Inner Flame              Hex/Fire       84%        N/A       1%          3
 Stone Arrow              Conj/Erth      100%       3d13      1%          3
 Iskenderun's Mystic Bla  Conj/Tloc      55%        2d12      2%          4
 Lightning Bolt           Conj/Air       27%        1d44      7%          5
 Leda's Liquefaction      Hex/Erth       9%         N/A       21%         4
 Iron Shot                Conj/Erth      27%        9d6       36%         6
 Freezing Cloud           Conj/Ice/Air   22%        6-21      58%         6
 Simulacrum               Ice/Necr       9%         N/A       97%         6
 Statue Form              Tmut/Erth      12%        N/A       97%         6
 Haunt                    Necr/Summ      9%         N/A       100%        7
 Chain Lightning          Conj/Air       27%        N/A       100%        8
 Necromutation            Tmut/Necr      9%         N/A       100%        8
 Shatter                  Erth           9%         3d11*     100%        9
 Animate Armour           Summ/Erth      Unusable   N/A       N/A         4

Dungeon Overview and Level Annotations

Branches:
Dungeon (1/1)

Altars:
Ashenzari
Cheibriados
Dithmenos
Elyvilon
Fedhas
Gozag
Hepliaklqana
Kikubaaqudgha
Makhleb
Nemelex Xobeh
Okawaru
Qazlal
Ru
Sif Muna
Trog
Uskayaw
Vehumet
Wu Jian
Xom
Yredelemnul
Zin
The Shining One
Beogh
Jiyva
Lugonu


Innate Abilities, Weirdness & Mutations

You cannot wear most types of armour.
You are amphibious.
You can wear up to eight rings at the same time.
Your skin changes colour to match your surroundings (Stealth+).
Your rubbery body absorbs attacks. (AC +1, EV +1)
((You are camouflaged near water. (Stealth+)))
You have tentacles for arms and can constrict up to eight enemies at once.
[You do not regenerate when monsters are visible.]


Message History

Aim: an iron imp (81% to hit)
You feel a surge of power!
The bolt of magma hits the wretched star!!
The wretched star partially resists.
The wretched star is almost destroyed.
The bolt of magma hits the deep elf demonologist!!!
You kill the deep elf demonologist!
Sif Muna accepts your kill.
The orange demon disappears in a puff of smoke!
The bolt of magma hits the iron imp!
The iron imp partially resists.
The iron imp is severely wounded.
The ufetubus barely misses you.
The ufetubus hits you but does no damage.
The ufetubus closely misses you.
The ufetubus hits you but does no damage.
The wretched star glows turbulently.
The lance of force hits you!!
* * * LOW HITPOINT WARNING * * *
You are knocked back by the lance of force.
You slam into the unnaturally hard rock wall!
* * * LOW HITPOINT WARNING * * *
Your Dodging skill increases to level 10!
As you read the scroll of fear, it crumbles to dust.
You assume a fearsome visage.
The ufetubus is unaffected. x3
The wretched star is unaffected.
The iron imp is unaffected.
The ynoxinul is unaffected.
The ufetubus barely misses you. The ufetubus misses you.
The ynoxinul closely misses you. The ufetubus hits you.
* * * LOW HITPOINT WARNING * * *
The ufetubus misses you.
The wretched star pulses with an eldritch light!
Your regeneration stops near monsters.
Unknown command.
Okay, then.
You feel much better. The ufetubus completely misses you.
The ufetubus closely misses you. The ufetubus barely misses you.
The ufetubus hits you but does no damage.
The ynoxinul gestures at you. The iron shot hits you!!
You die...

▓..8©8..▓
▓..).==[..▓....)..▓
▓...)}:...▓..|))..▓
▓.........▓..))...▓
▓.........▓...(...▓
▓....5....▓..)....▓
▓....)....▓.......▓
▓...5*3...▓.......▓
▓....@55..▓...©...▓
▓▓▓▓▓▓▓▓▓▓▓▓▓▓▓▓▓▓▓


You could see a wretched star, a ynoxinul, an iron imp and 3 ufetubi.

Vanquished Creatures
  A deep elf demonologist (D)
  A large abomination (D)
  4 draconians (D)
  A jumping spider (D)
  A wind drake (D)
  3 merfolk (D)
  A slime creature (D)
  A tarantella (D)
  3 orc warriors (D)
  2 centaurs (D)
  A phantom (D)
  2 scorpions (D)
  2 quasits (D)
  2 jellies (D)
  An orc priest (D)
  An orc wizard (D)
  A shadow imp (D)
  2 white imps (D)
  2 ufetubi (D)
  2 adder skeletons (D)
  3 orcs (D)
  A bat skeleton (D)
  A ball python zombie (D)
  A jackal skeleton (D)
  A quokka skeleton (D)
  A quokka zombie (D)
42 creatures vanquished.

Vanquished Creatures (others)
  3 foxfires (D)
3 creatures vanquished.

Grand Total: 45 creatures vanquished

Notes
Turn   | Place    | Note
-------+----------+-------------------------------------------
     0 | D        | Zeld the Octopode Fire Elementalist began the quest for the
                  | Orb.
     0 | D        | Reached XP level 1. HP: 11/11 MP: 3/3
     0 | D        | Found a blossoming altar of Fedhas.
     1 | D        | Found the +6 Majin-Bo {vamp, MP+6 Int+6}
     1 | D        | Found the +9 heavy crossbow "Sniper" {vorpal, Acc+∞ SInv}
     1 | D        | Found the +10 dark maul {vorpal}
     1 | D        | Found the +15 Maxwell's patent armour {-Cast -Tele rElec
                  | Will+ rCorr}
     1 | D        | Found the +18 shield of the Gong {rElec rN+ Will+ EV-5}
     1 | D        | Found the +14 obsidian axe {vorpal, Drain Fly SInv}
     1 | D        | Found the +7 great mace "Firestarter" {inner flame, rF++}
     1 | D        | Found the +6 shillelagh "Devastator" {shatter}
     1 | D        | Found the +11 plutonium sword {Contam Stlth-}
     1 | D        | Found the +8 lance "Wyrmbane" {slay drac, rPois rF+ rC+
                  | AC+3}
     1 | D        | Found the +9 sword of Zonguldrok {reap}
     1 | D        | Found the +13 scythe of Curses {drain, Drain}
     1 | D        | Found the +5 sword of Power {vorpal}
     1 | D        | Found the +7 mace of Variability {chain chaos}
     1 | D        | Found the +7 Singing Sword {vorpal, sonic wave}
     1 | D        | Found the +8 storm bow {elec, penet}
     1 | D        | Found a shimmering blue altar of Sif Muna.
     1 | D        | Found a sacrificial altar of Ru.
     1 | D        | Found a bloodstained altar of Trog.
     1 | D        | Found a stormy altar of Qazlal.
     1 | D        | Found an iron altar of Okawaru.
     1 | D        | Found a sparkling altar of Nemelex Xobeh.
     3 | D        | Found a transporter.
     3 | D        | Found an ancient bone altar of Kikubaaqudgha.
     3 | D        | Found a viscous altar of Jiyva.
     3 | D        | Found a corrupted altar of Lugonu.
     3 | D        | Found a hazy altar of Hepliaklqana.
     3 | D        | Found a burning altar of Makhleb.
     3 | D        | Found an opulent altar of Gozag.
    33 | D        | Became a worshipper of Sif Muna the Loreminder
    34 | D        | Reached skill level 6 in Fire Magic
    34 | D        | Reached XP level 2. HP: 17/17 MP: 3/6
   166 | D        | Entered arena 2.
   166 | D        | Found a transporter.
   169 | D        | Reached XP level 3. HP: 24/24 MP: 6/8
   169 | D        | Reached XP level 4. HP: 29/29 MP: 7/10
   173 | D        | Learned a level 3 spell: Conjure Flame
   178 | D        | Learned a level 4 spell: Sticky Flame
   500 | D        | Entered arena 3.
   500 | D        | Noticed a slime creature
   500 | D        | Found a transporter.
   502 | D        | Reached * piety under Sif Muna
   503 | D        | Reached skill level 7 in Fire Magic
   503 | D        | Reached XP level 5. HP: 36/36 MP: 12/12
   515 | D        | Killed a slime creature
   516 | D        | Reached skill level 5 in Dodging
   516 | D        | Reached skill level 5 in Spellcasting
   516 | D        | Reached skill level 5 in Conjurations
   516 | D        | Reached skill level 9 in Fire Magic
   516 | D        | Reached XP level 6. HP: 8/44 MP: 6/14
   522 | D        | Learned a level 5 spell: Fireball
   962 | D        | Entered arena 4.
   962 | D        | Noticed a draconian
   962 | D        | Noticed a draconian
   962 | D        | Noticed a draconian
   962 | D        | Noticed a draconian
   962 | D        | Found a transporter.
   968 | D        | Killed a draconian
   968 | D        | Reached ** piety under Sif Muna
   968 | D        | Killed a draconian
   968 | D        | HP: 2/44 [draconian/+0 flail (17)]
   969 | D        | Reached skill level 11 in Fire Magic
   969 | D        | Reached XP level 7. HP: 3/53 MP: 4/17
   969 | D        | Reached XP level 8. HP: 3/58 MP: 4/19
   973 | D        | Killed a draconian
   974 | D        | Killed a draconian
   975 | D        | Reached skill level 12 in Fire Magic
   975 | D        | Reached XP level 9. HP: 4/64 MP: 6/21
  1571 | D        | Entered arena 5.
  1571 | D        | Noticed a jumping spider
  1571 | D        | Found a transporter.
  1572 | D        | Found the +8 orange crystal plate armour {Archmagi, Int+3
                  | Clar}
  1573 | D        | Reached *** piety under Sif Muna
  1574 | D        | Killed a jumping spider
  1756 | D        | Learned a level 5 spell: Bolt of Magma
  1758 | D        | Got the ring of Antuwic {AC+4 Int+5}
  1862 | D        | Entered arena 6.
  1862 | D        | Found a transporter.
  1863 | D        | Reached **** piety under Sif Muna
  1972 | D        | Entered arena 7.
  1973 | D        | Reached ***** piety under Sif Muna
  1974 | D        | Identified Kocwum's Grimoire of Confrontation (Sif Muna
                  | gifted it to you in the Dungeon)
  1974 | D        | Received a gift from Sif Muna
  1976 | D        | Reached skill level 13 in Fire Magic
  1979 | D        | Found a transporter.
  2190 | D        | Entered arena 8.
  2190 | D        | Noticed a wind drake
  2190 | D        | Noticed a merfolk
  2190 | D        | Noticed a merfolk
  2190 | D        | Noticed a merfolk
  2191 | D        | Found the +5 demon whip "Spellbinder" {antimagic, Will+}
  2192 | D        | Killed a merfolk
  2192 | D        | Killed a merfolk
  2195 | D        | Killed a merfolk
  2197 | D        | Killed a wind drake
  2198 | D        | Reached XP level 10. HP: 57/73 MP: 2/23
  2324 | D        | Found a transporter.
  2487 | D        | Entered arena 9.
  2488 | D        | Identified Qaleogua's Guide on Unholy Rituals and Attacks
                  | (Sif Muna gifted it to you in the Dungeon)
  2488 | D        | Received a gift from Sif Muna
  2494 | D        | Found a transporter.
  2625 | D        | Got the ring "Iluitug" {rElec Will+ Str+6}
  2631 | D        | Got the ring "Hiwkefiv" {Contam rF++ Str+6}
  2644 | D        | Entered arena 10.
  2644 | D        | Noticed a deep elf demonologist
  2644 | D        | Noticed a wretched star
  2644 | D        | Noticed a large abomination
  2646 | D        | Noticed an orange demon
  2647 | D        | Killed a large abomination
  2648 | D        | Reached skill level 10 in Conjurations
  2648 | D        | Reached skill level 14 in Fire Magic
  2650 | D        | Identified Sif Muna's Almanac of Virous Dislocation (Sif
                  | Muna gifted it to you in the Dungeon)
  2650 | D        | Received a gift from Sif Muna
  2653 | D        | Killed a deep elf demonologist
  2654 | D        | Reached skill level 10 in Dodging
  2655 | D        | Killed from afar by a ynoxinul

Illustrated notes

Levels and vault maps discovered:
D:        sprint_v [room_start, room_1, room_2, room_3, room_4, room_5, room_6,
          room_7, room_8, room_9, room_10, room_11, room_12, room_13, room_14,
          room_15, room_16, room_17, room_18, room_19, room_20, room_21,
          room_22, room_23, room_24, room_25, room_26, room_27]

Skill      XL: |  1  2  3  4  5  6  7  8  9 10 |
---------------+-------------------------------+-----
Spellcasting   | 3 4 5 7 8 9 |  9.9
Conjurations   | 3 4 5 7 8 9 10 | 10.3
Fire Magic     | 6 7 9 11 12 13 14 | 14.5
Fighting       | 2 4 6 7 8 9 |  9.6
Dodging        | 3 5 7 9 10 | 10.0
Stealth        | |  2.6

Action                   |  1- 3 |  4- 6 |  7- 9 | 10-12 || total
-------------------------+-------+-------+-------+-------++-------
 Cast: Conjure Flame     |       |     1 |       |       ||     1
       Sticky Flame      |       |     1 |       |       ||     1
       Fireball          |       |     2 |    16 |     8 ||    26
       Bolt of Magma     |       |       |       |     2 ||     2
       Foxfire           |       |       |       |     2 ||     2
Invok: Channel Magic     |       |       |     1 |     1 ||     2
Evoke: Wand              |     2 |     4 |       |       ||     6
       Lightning rod     |       |     3 |     1 |       ||     4
  Use: Potion            |     1 |       |       |     2 ||     3
       Scroll            |       |     2 |     2 |     1 ||     5
Armor: Skin              |       |       |       |     3 ||     3
Dodge: Dodged            |       |     1 |     7 |    14 ||    22

Table legend: (Time is in decaauts)
 A = Elapsed time spent in this place.
 B = Non-inter-level travel time spent in this place.
 C = Inter-level travel time spent in this place.
 D = Time resting spent in this place.
 E = Time spent auto-exploring this place.
 F = Levels seen in this place.
 G = Mean time per level.
                   A        B        C        D        E       F      G
               +--------+--------+--------+--------+--------+-----+--------+
         Total |   2649 |   2649 |      0 |   2377 |      0 |   1 | 2649.0 |
       Dungeon |   2649 |   2649 |      0 |   2377 |      0 |   1 | 2649.0 |
               +--------+--------+--------+--------+--------+-----+--------+

Top non-repeatable levels by time:
       D: 2649 daAuts
